[ AOE2 MATCH · #458531083 ]
UnrankedTupi vs Bulgarians
[ REPLAY ANALYSIS · EXTRACTED FROM THE RECORDED GAME ]
Feudal
—
Castle
—
Imperial
—
| APM avg | 10.9 |
| APM peak | 23 |
| eAPM avg | 8.5 |
| Villagers / military | 9 / 0 |
Focus
⚔️ 0.0% · 🌾 100.0%
Feudal
—
Castle
—
Imperial
—
| APM avg | 15.9 |
| APM peak | 32 |
| eAPM avg | 9.7 |
| Villagers / military | 13 / 0 |
Focus
⚔️ 0.0% · 🌾 100.0%
Feudal
—
Castle
—
Imperial
—
| APM avg | 19.1 |
| APM peak | 40 |
| eAPM avg | 7.9 |
| Villagers / military | 7 / 0 |
Focus
⚔️ 0.0% · 🌾 100.0%
Feudal
—
Castle
—
Imperial
—
| APM avg | 9.7 |
| APM peak | 26 |
| eAPM avg | 6.8 |
| Villagers / military | 10 / 0 |
Focus
⚔️ 0.0% · 🌾 100.0%
Feudal
—
Castle
—
Imperial
—
| APM avg | 13.5 |
| APM peak | 21 |
| eAPM avg | 7.1 |
| Villagers / military | 8 / 0 |
Focus
⚔️ 7.7% · 🌾 92.3%
Feudal
—
Castle
—
Imperial
—
| APM avg | 19.7 |
| APM peak | 28 |
| eAPM avg | 6.5 |
| Villagers / military | 6 / 0 |
Focus
⚔️ 10.5% · 🌾 89.5%
Feudal
—
Castle
—
Imperial
—
| APM avg | 11.2 |
| APM peak | 20 |
| eAPM avg | 6.2 |
| Villagers / military | 5 / 0 |
Focus
⚔️ 0.0% · 🌾 100.0%
Feudal
—
Castle
—
Imperial
—
| APM avg | 5.6 |
| APM peak | 7 |
| eAPM avg | 4.7 |
| Villagers / military | 6 / 0 |
Focus
⚔️ 0.0% · 🌾 100.0%
Match map
Initial resources + every placement click. Lines = walls · curves = elevation contours. ◆ gold · ⬟ stone · ● berries · ✦ relic · ◌ wall gap
Inputs per minute
— mimi.michalov - - DJAKONDA
Build order — mimi.michalov
14 actions detected in the replay
| 0:37 | Research | Loom |
| 0:38 | Create | Villager (Male) |
| 0:38 | Create | Villager (Male) |
| 0:38 | Create | Villager (Male) |
| 0:39 | Create | Villager (Male) |
| 0:39 | Create | Villager (Male) |
| 0:39 | Create | Villager (Male) |
| 0:58 | Build | House |
| 1:00 | Build | House |
| 1:02 | Build | House |
| 1:03 | Build | House |
| 2:14 | Create | Villager (Male) |
| 2:14 | Create | Villager (Male) |
| 2:15 | Create | Villager (Male) |
Build order — DJAKONDA
14 actions detected in the replay
| 0:03 | Create | Villager (Male) |
| 0:04 | Create | Villager (Male) |
| 0:04 | Create | Villager (Male) |
| 0:04 | Create | Villager (Male) |
| 0:04 | Create | Villager (Male) |
| 1:41 | Create | Villager (Male) |
| 1:50 | Build | Mill |
| 1:56 | Create | Villager (Male) |
| 1:56 | Create | Villager (Male) |
| 1:57 | Create | Villager (Male) |
| 2:55 | Create | Villager (Male) |
| 2:55 | Create | Villager (Male) |
| 2:55 | Create | Villager (Male) |
| 2:56 | Create | Villager (Male) |
Build order — Dr. X marks the spot PhD
9 actions detected in the replay
| 0:08 | Build | House |
| 0:09 | Build | House |
| 0:13 | Create | Villager (Male) |
| 0:13 | Create | Villager (Male) |
| 0:13 | Create | Villager (Male) |
| 0:14 | Create | Villager (Male) |
| 0:14 | Create | Villager (Male) |
| 2:15 | Create | Villager (Male) |
| 2:16 | Create | Villager (Male) |
Build order — Pebble Prophet
13 actions detected in the replay
| 0:03 | Build | House |
| 0:05 | Build | House |
| 0:08 | Create | Villager (Male) |
| 0:08 | Create | Villager (Male) |
| 0:08 | Create | Villager (Male) |
| 0:09 | Create | Villager (Male) |
| 0:09 | Create | Villager (Male) |
| 0:09 | Create | Villager (Male) |
| 0:10 | Research | Loom |
| 1:50 | Create | Villager (Male) |
| 1:51 | Create | Villager (Male) |
| 2:34 | Create | Villager (Male) |
| 2:54 | Create | Villager (Male) |
Build order — ShugKnight4507
8 actions detected in the replay
| 0:03 | Research | Loom |
| 0:04 | Create | Villager (Male) ×4 |
| 0:09 | Build | House |
| 0:11 | Build | House |
| 1:59 | Create | Villager (Male) |
| 1:59 | Create | Villager (Male) |
| 1:59 | Create | Villager (Male) |
| 2:00 | Create | Villager (Male) |
Build order — Ermour
8 actions detected in the replay
| 0:06 | Build | House |
| 0:11 | Build | House |
| 0:27 | Create | Villager (Male) |
| 0:27 | Create | Villager (Male) |
| 0:27 | Create | Villager (Male) |
| 0:28 | Create | Villager (Male) |
| 2:56 | Create | Villager (Male) |
| 2:56 | Create | Villager (Male) |
Build order — Magetta
4 actions detected in the replay
| 0:05 | Create | Villager (Male) ×4 |
| 0:11 | Build | House |
| 0:13 | Build | House |
| 1:46 | Create | Villager (Male) |
Build order — 1609318730
8 actions detected in the replay
| 0:14 | Build | Mill |
| 0:17 | Research | Loom |
| 1:30 | Create | Villager (Male) |
| 1:31 | Create | Villager (Male) |
| 2:04 | Create | Villager (Male) |
| 2:51 | Create | Villager (Male) |
| 2:52 | Create | Villager (Male) |
| 3:05 | Create | Villager (Male) |
Match timeline
| 1:57 | Magetta · resign |
[ AI ANALYSIS · 1 CREDIT ]
What really happened in this match?
Wolo.gg analyzes every decision: build order, eco, micro, common mistakes by bracket. Personalized analysis on WhatsApp or Discord in 30 seconds.
Civ guide
Tupi
Perfil
Jugador #4427273